 Dungeon Crawl Stone Soup version 0.17.2-1-ge4368a0 (webtiles) character file.

20 ololoev the Skirmisher (level 2, 0/24 HPs)
             Began as a Demonspawn Fighter on Oct 27, 2016.
             Slain by an adder (1 damage)
             ... on level 3 of the Dungeon.
             The game lasted 00:02:02 (740 turns).

ololoev the Skirmisher (Demonspawn Fighter)          Turns: 740, Time: 00:02:02

Health: 0/24       AC:  6    Str: 16    XL:     2   Next: 58%
Magic:  2/2        EV:  9    Int:  9    God:
Gold:   81         SH:  0    Dex: 12    Spells: 0 memorised, 1 level left

rFire  . . .     SeeInvis .     a - +0 war axe
rCold  + . .     Clarity  .     b - +0 scale mail
rNeg   + . .     SustAt   .     (no shield)
rPois  .         Gourm    .     (no helmet)
rElec  .         Spirit   .     (no cloak)
rCorr  .         Warding  +     (no gloves)
rMut   .         Stasis   .     (no boots)
MR     .....                    c - amulet of warding
Stlth  ..........               (no ring)
                                h - ring of protection from cold

@: lethally poisoned (0 -> -3), not resistant to hostile enchantments, extremely
unstealthy
A: rot immunity
a: no special abilities


Innate Abilities, Weirdness & Mutations

You are immune to rotting.

Inventory:

Hand Weapons
 a - a +0 war axe (weapon)
Armour
 b - a +0 scale mail (worn)
Jewellery
 c - an amulet of warding (around neck)
 h - a ring of protection from cold (left hand)
Scrolls
 d - a scroll of amnesia {unknown}
 g - a scroll of remove curse {unknown}
 i - a scroll of identify {unknown}
Comestibles
 e - a bread ration


   Skills:
 + Level 3.4 Fighting
 * Level 2.2 Axes
 + Level 2.9 Armour
   Level 2.6 Shields


You had one spell level left.
You didn't know any spells.


You were on level 3 of the Dungeon.
You were not hungry.

You visited 1 branch of the dungeon, and saw 3 of its levels.

You collected 81 gold pieces.

#..... .....
##....# #.<...
#..... #.##.#
#.##S##.#..#
#.##@.....##
#######.#.#.#....#
.........###..#.#.
........## #..(
#######..###..#.#.
#.#.#.#.....
#...<.....##
#.#######.# #.#

Notes
Turn   | Place    | Note
--------------------------------------------------------------
     0 | D:1      | ololoev the Demonspawn Fighter began the quest for the Orb.
     0 | D:1      | Reached XP level 1. HP: 18/18 MP: 1/1
   300 | D:1      | Gained mutation: You are immune to rotting. [demonic ancestry]
   300 | D:1      | Reached XP level 2. HP: 18/24 MP: 2/2
   334 | D:2      | Found a shimmering altar of Xom.
   733 | D:3      | HP: 1/24 [adder (3)]
   739 | D:3      | HP: 1/24 [poisoned by an adder]
   740 | D:3      | Slain by an adder

Dungeon Overview and Level Annotations

Branches:
Dungeon (3/15)

Altars:
Xom


Message History

You barely miss the adder.
The adder is severely wounded.
You feel sick. The adder bites you but does no damage.
The adder bites you but does no damage.
You hit the adder but do no damage.
The adder is severely wounded.
You feel sick. The adder completely misses you.
You closely miss the adder.
The adder is severely wounded.
You feel sick. The adder closely misses you.
The adder bites you but does no damage.
You miss the adder.
The adder is severely wounded.
You feel sick. The adder bites you but does no damage.
The adder barely misses you.
You barely miss the adder.
The adder is severely wounded.
You feel sick. The adder bites you. The adder bites you but does no damage.
Drink which item? (? for menu, Esc to quit)
It was a potion of curing.
You feel better. The adder barely misses you.
Drink which item? (? for menu, Esc to quit)
You feel better. The adder barely misses you.
Your scale mail prevents you from hitting the adder.
The adder is severely wounded.
The adder bites you. The adder completely misses you.
You barely miss the adder.
The adder is severely wounded.
The adder bites you.
You are poisoned.
The adder poisons you! The adder bites you but does no damage.
You barely miss the adder.
The adder is severely wounded.
You feel sick. The adder bites you but does no damage. The adder bites you.
You closely miss the adder.
The adder is severely wounded.
You feel sick. The adder closely misses you.
You closely miss the adder.
The adder is severely wounded.
The adder bites you.
You die...

You could see an adder.

Vanquished Creatures
  A gnoll (D:1)
  2 bats (D:1)
  2 goblins
  2 hobgoblins
  2 giant newts
  A kobold (D:2)
  A rat (D:1)
11 creatures vanquished.

Action                   || total
-------------------------++-------
Melee: War axe           ||    59
  Use: Potion            ||     3

Vault maps used:
D:1:      dpeg_arrival_solitude
D:2:      lemuel_crystal_altar
D:3:      nicolae_overflow_hidden_temple, kennysheep_generic_room_3
